 Dungeon Crawl Stone Soup version 0.23-a0-458-g93a6ea9 (webtiles) character file.

122728 Gildeon the Spear-Bearer (level 16, -1/122 HPs)
             Began as a Demonspawn Fighter on Nov 19, 2018.
             Was the Champion of Makhleb.
             Slain by a large slime creature (19 damage)
             ... summoned by a boggart
             ... on level 15 of the Dungeon on Nov 25, 2018.
             The game lasted 02:07:35 (24399 turns).

Gildeon the Spear-Bearer (Demonspawn Fighter)      Turns: 24399, Time: 02:07:37

Health: -1/122     AC: 28    Str: 21    XL:     16   Next: 35%
Magic:  0/30       EV: 28    Int: 15    God:    Makhleb [******]
Gold:   1148       SH:  0    Dex: 19    Spells: 14/35 levels left

rFire    x . .     SeeInvis .   u - +6 spear (freeze)
rCold    + + .     Gourm    .   (no shield)
rNeg     . . .     Faith    .   W - +2 ice dragon scales
rPois    .         Spirit   +   (helmet unavailable)
rElec    .         Reflect  .   Y - +2 cloak {MR+}
rCorr    .         Harm     .   x - +0 pair of gloves
MR       +++..                  P - +1 pair of boots "Vemucli" {MR+ Int+4}
Stlth    +.........             c - amulet of guardian spirit
HPRegen  0.30/turn              D - +3 ring of protection
MPRegen  0.22/turn              I - +6 ring of evasion

@: agile
A: horns 3, slimy green scales 2, powered by death 2, powered by pain 2
a: Minor Destruction, Lesser Servant of Makhleb, Major Destruction, Greater
Servant of Makhleb, Renounce Religion


You were on level 15 of the Dungeon.
You worshipped Makhleb.
Makhleb was exalted by your worship.
You were hungry.

You visited 6 branches of the dungeon, and saw 26 of its levels.
You also visited: Sewer, Ice Cave and Volcano.

You collected 2943 gold pieces.
You spent 1795 gold pieces at shops.

Inventory:

Hand Weapons
 h - a +2 glaive of draining
 o - a +1 spear of flaming
 t - a +1 halberd of protection
 u - a +6 spear of freezing (weapon)
 v - a +0 halberd of freezing
 A - a +2 spear of venom
 N - a +2 halberd of venom
 O - the +7 halberd of Dishonesty {venom, rC+}
   (You found it in an ice cave)

   It poisons the flesh of those it strikes.
   It protects you from cold.
 Z - a +0 trident of piercing
Armour
 x - a +0 pair of gloves (worn)
 K - a +6 chain mail of fire resistance
 P - the +1 pair of boots "Vemucli" (worn) {MR+ Int+4}
   (You acquired it on level 6 of the Lair of Beasts)

   It affects your intelligence (+4).
   It affects your resistance to hostile enchantments.
 W - +2 ice dragon scales (worn)
 Y - a +2 cloak of magic resistance (worn)
Jewellery
 c - an amulet of guardian spirit (around neck)
 e - an uncursed ring of ice
 j - an uncursed ring of protection from magic
 n - an uncursed ring of protection from magic
 s - an uncursed ring of positive energy
 y - an uncursed ring of resist corrosion
 D - a +3 ring of protection (left hand)
 I - a +6 ring of evasion (right hand)
 R - an uncursed ring of see invisible
Wands
 b - a wand of clouds (6)
 E - a wand of digging (5)
 F - a wand of acid (28)
 L - a wand of paralysis (31)
 M - a wand of disintegration (9)
 S - a wand of iceblast (22)
Scrolls
 k - 5 scrolls of blinking
 l - 14 scrolls of remove curse
 r - 5 scrolls of fear
 C - 13 scrolls of teleportation
 G - 2 scrolls of fog
 U - a scroll of summoning
 V - 7 scrolls of identify
Potions
 a - 10 potions of flight
 d - 7 potions of might
 g - 14 potions of curing
 i - 5 potions of brilliance
 m - 5 potions of mutation
 p - 2 potions of invisibility
 q - 2 potions of heal wounds
 w - 3 potions of haste
 z - a potion of cancellation
 B - a potion of ambrosia
 H - 2 potions of resistance
 J - 2 potions of magic
 X - 2 potions of agility
Comestibles
 f - 33 rations
 Q - 2 chunks of flesh


   Skills:
 - Level 10.0 Fighting
 - Level 12.0 Polearms
 - Level 10.0 Armour
 - Level 10.0 Dodging
   Level 2.6 Shields
 - Level 10.0 Spellcasting
 + Level 4.7 Conjurations
 + Level 9.4 Hexes
 - Level 5.0 Translocations
 - Level 5.0 Ice Magic
 - Level 10.1 Invocations
 - Level 10.0 Evocations


You had 14 spell levels left.
You knew the following spells:

 Your Spells              Type           Power        Failure   Level  Hunger
a - Blink                 Tloc           N/A          4%          2    None
b - Slow                  Hex            #####...     1%          2    None
c - Ensorcelled Hibernat  Hex/Ice        ####..       1%          2    None
d - Cause Fear            Hex            #####.....   5%          4    ###....
e - Metabolic Englaciati  Hex/Ice        ####......   36%         5    #####..
f - Conjure Flame         Conj/Fire      ##......     30%         3    None
g - Mephitic Cloud        Conj/Pois/Air  ##......     38%         3    None

Your spell library contained the following spells:

 Spells                   Type           Power        Failure   Level  Hunger
 Magic Dart               Conj           ###.         3%          1    None
 Summon Guardian Golem    Hex/Summ       ###.....     12%         3    None
 Sandblast                Erth           #.....       26%         1    None
 Summon Small Mammal      Summ           #...         26%         1    None
 Call Imp                 Summ           #.......     36%         2    None
 Call Canine Familiar     Summ           #.......     61%         3    None
 Summon Ice Beast         Ice/Summ       ###.....     67%         4    ###....
 Summon Lightning Spire   Summ/Air       #.......     95%         4    ###....
 Irradiate                Conj/Tmut      ##........   95%         5    #####..
 Lee's Rapid Deconstruct  Erth           #.........   100%        5    #####..
 Hydra Form               Tmut           #.........   100%        6    ######.
 Statue Form              Tmut/Erth      #........    100%        6    ######.
 Dragon Form              Tmut           #.........   100%        7    #######


Dungeon Overview and Level Annotations

Branches:
Dungeon (15/15)            Temple (1/1) D:4            Lair (6/6) D:10
 Shoals (1/4) Lair:4        Snake (1/4) Lair:3        Slime (0/5) Lair:5
    Orc (2/2) D:9             Elf (0/3) Orc:2        Vaults (0/5) D:14
 Depths (0/5) D:15

Altars:
Ashenzari
Cheibriados
Dithmenos
Elyvilon
Fedhas
Gozag
Hepliaklqana
Kikubaaqudgha
Makhleb
Nemelex Xobeh
Okawaru
Qazlal
Ru
Sif Muna
Trog
Uskayaw
Vehumet
Wu Jian
Xom
Yredelemnul
Zin
The Shining One
Jiyva

Shops:
D:5 [   Orc:2 *?*[   Shoals:1 %

Annotations:
Lair:5 1 runed door, Goofits's ghost, journeyman HaGl
Lair:6 1 runed door, derval's ghost, journeyman DDEE


Innate Abilities, Weirdness & Mutations

You have a pair of large horns on your head.
You are mostly covered in slimy green scales. (AC +3)
You regenerate health from kills.
You sometimes gain power by taking damage.


Message History

The manticore misses you.
You barely miss the tengu warrior.
The tengu warrior is heavily wounded.
The centaur warrior barely misses you.
The tengu warrior hits you but does no damage.
The tengu warrior barely misses you.
The tengu warrior completely misses you.
The large slime creature closely misses you.
You hit the tengu warrior. You freeze the tengu warrior.
The tengu warrior is heavily wounded.
The centaur warrior misses you. The manticore barely misses you.
The manticore closely misses you. The manticore misses you.
You hit the tengu warrior but do no damage.
You headbutt the tengu warrior, but do no damage.
The tengu warrior is heavily wounded.
The centaur warrior misses you. The tengu warrior misses you.
The tengu warrior barely misses you.
The tengu warrior claws you but does no damage.
The large slime creature hits you!!
You die...

#.. #..# #......# #... #..#
#...)..# #...
#..#####......#####+
#...#####.(.................
#...........................
###........###.######(....###+###
..........## ###..#.##....#.....#
..........# #Hc...#....#.....#
.........## #@##.##....#.....#
.........#>..{gQJ##..#....#.....#
.........##...o###...#...##.....#
..........#...# #..###...'......#
##........##.# ##.##.....#......#
#.........#####.).##....#......#
#............#.....#....#......#
##............#.....#....#......#
..............##...##....#......+


You could see a large slime creature, a tengu warrior, a centaur warrior, a
manticore, an orc warrior and a boggart.

Vanquished Creatures
  A frost giant (IceCv)
  Snorg (Lair:4)
  A fire dragon (D:13)
  Fannar (D:11)
  Erolcha (Orc:2)
  A rakshasa (D:15)
  Harold (D:10)
  9 hydras
  8 vault guards (D:14)
  2 catoblepae
  Erica (D:11)
  4 naga warriors (Snake:1)
  3 anacondas (Snake:1)
  A merfolk avatar (Lair:6)
  An alligator snapping turtle (Shoals:1)
  15 two-headed ogres
  2 merfolk aquamancers (Shoals:1)
  3 death yaks (D:10)
  2 ogre magi
  A centaur warrior (D:14)
  Urug (Lair:3)
  The ghost of phyphor the Grappler, a novice TrFi of Ru (D:8)
  2 naga sharpshooters (Snake:1)
  A fire crab (D:13)
  3 sea snakes
  2 unseen horrors
  An unseen horror (shapeshifter) (D:15)
  2 deep trolls (Orc:1)
  2 naga ritualists (Snake:1)
  A lindwurm (Lair:5)
  2 harpies (Lair:6)
  An orc knight (Orc:1)
  2 ugly things
  5 mana vipers (Snake:1)
  An oklob plant (D:11)
  3 fauns (Shoals:1)
  3 deep elf magi
  A cyclops (shapeshifter) (D:15)
  4 cyclopes
  6 manticores
  2 merfolk sirens (Shoals:1)
  Maurice (Orc:2)
  A guardian serpent (Snake:1)
  13 black mambas
  An ice statue (IceCv)
  3 elephants (Lair:5)
  Joseph (Lair:1)
  7 spiny frogs
  5 naga magi (Snake:1)
  2 gargoyles
  An efreet (D:13)
  3 rime drakes
  11 komodo dragons
  2 yaktaurs (D:13)
  19 polar bears
  12 trolls
  5 merfolk
  3 meliai (Lair:5)
  A queen bee (Lair:5)
  3 hornets
  2 wind drakes
  A wind drake (shapeshifter) (D:15)
  6 blink frogs
  A polar bear (shapeshifter) (D:13)
  7 slime creatures
  5 snapping turtles
  8 hippogriffs
  4 dream sheep (Lair:5)
  A wraith (D:12)
  A shadow (D:12)
  5 wyverns
  6 water elementals (Shoals:1)
  A centaur simulacrum (D:13)
  44 yaks
  A vampire (D:12)
  3 fire bats (Lair:2)
  5 basilisks
  14 nagas (Snake:1)
  8 vampire mosquitoes (D:14)
  A soldier ant (shapeshifter) (D:15)
  3 wargs
  11 water moccasins
  An acid dragon (D:12)
  3 hell hounds (Volcano)
  18 porcupines
  17 orc warriors
  5 ice beasts
  2 black bears
  3 sky beasts
  2 necrophages
  23 ogres
  2 boggarts (D:15)
  10 centaurs
  11 wolves
  14 crocodiles
  6 big kobolds
  14 bullfrogs
  A gnoll sergeant (D:6)
  A wyvern zombie (D:15)
  A water moccasin zombie (D:10)
  A wyvern skeleton (D:12)
  6 scorpions
  37 killer bees
  10 wights
  3 vampire bats (Orc:1)
  An electric eel (Lair:4)
  6 crimson imps
  2 bullfrog zombies
  4 centaur zombies
  The ghost of Tenar the Magician, a weakling DEFE (D:3)
  4 hounds
  2 quasits
  24 orc wizards
  17 orc priests
  Crazy Yiuf (D:4)
  8 jellies
  3 centaur skeletons
  3 iguanas
  4 hell rats
  6 worker ants
  A hound zombie (D:5)
  A hound skeleton (D:9)
  A howler monkey zombie (D:8)
  A worker ant zombie (D:5)
  Robin (D:2)
  3 river rats (D:10)
  11 adders
  13 gnolls
  3 shadow imps
  An adder zombie (D:7)
  4 oozes
  An adder skeleton (D:8)
  3 worms
  3 dart slugs
  10 leopard geckos
  68 orcs
  12 giant cockroaches
  22 goblins
  11 hobgoblins
  12 jackals
  52 kobolds
  6 quokkas
  5 ball pythons
  16 bats
  7 frilled lizards
  A leopard gecko skeleton (D:4)
  10 rats
  A plant (Shoals:1)
894 creatures vanquished.

Vanquished Creatures (collateral kills)
  Sonja (D:10)
  A spriggan (D:10)
2 creatures vanquished.

Vanquished Creatures (others)
  A boggart (D:15)
  A river rat (D:10)
  3 orcs
  4 fungi
  5 plants
14 creatures vanquished.

Grand Total: 910 creatures vanquished

Notes
Turn   | Place    | Note
-------+----------+-------------------------------------------
     0 | D:1      | Gildeon the Demonspawn Fighter began the quest for the Orb.
     0 | D:1      | Reached XP level 1. HP: 18/18 MP: 1/1
    43 | D:1      | Reached skill level 2 in Polearms
    84 | D:1      | Gained mutation: You sometimes gain a little power by
                  | taking damage. [demonic ancestry]
    84 | D:1      | Reached XP level 2. HP: 2/24 MP: 2/2
   553 | D:1      | Reached skill level 3 in Polearms
   688 | D:1      | Gained mutation: You regenerate a little health from kills.
                  | [demonic ancestry]
   688 | D:1      | Reached XP level 3. HP: 26/29 MP: 3/3
   778 | D:1      | Upgraded the game from 0.23-a0-446-g036aa52 to
                  | 0.23-a0-449-g8e4cbf7
  1250 | D:2      | Gained mutation: You are partially covered in slimy green
                  | scales. (AC +2) [demonic ancestry]
  1250 | D:2      | Reached XP level 4. HP: 30/35 MP: 4/4
  1253 | D:2      | Reached skill level 4 in Polearms
  1723 | D:2      | Reached XP level 5. HP: 39/41 MP: 5/5
  1996 | D:2      | Noticed Robin
  2012 | D:2      | Killed Robin
  2012 | D:2      | Reached skill level 5 in Polearms
  2330 | D:3      | Found a transporter.
  2442 | D:3      | Noticed Tenar's ghost (weakling DEFE)
  2578 | D:3      | Found a white marble altar of Elyvilon.
  2676 | D:3      | Found a transporter.
  2721 | D:3      | Found a glowing drain.
  2754 | Sewer    | Entered a sewer
  2989 | Sewer    | Reached skill level 6 in Polearms
  2989 | Sewer    | Gained mutation: You sometimes gain power by taking damage.
                  | [demonic ancestry]
  2989 | Sewer    | Reached XP level 6. HP: 38/47 MP: 6/6
  3433 | D:3      | Found a basalt altar of Yredelemnul.
  3580 | D:4      | Found a staircase to the Ecumenical Temple.
  3640 | Temple   | Entered the Ecumenical Temple
  3663 | Temple   | Became a worshipper of Makhleb the Destroyer
  3889 | D:4      | Found a runed door.
  3893 | D:4      | Noticed Crazy Yiuf
  3907 | D:4      | Killed Crazy Yiuf
  3907 | D:4      | Reached skill level 7 in Polearms
  3907 | D:4      | Gained mutation: You have a pair of small horns on your
                  | head. [demonic ancestry]
  3907 | D:4      | Reached XP level 7. HP: 27/52 MP: 7/7
  4370 | D:4      | Found an ornate altar of the Wu Jian Council.
  4499 | D:5      | Entered Level 5 of the Dungeon
  4644 | D:5      | Found a shattered altar of Ashenzari.
  4856 | D:5      | Reached skill level 8 in Polearms
  4863 | D:5      | Found Surosch's Antique Armour Boutique.
  4866 | D:5      | Reached * piety under Makhleb
  5018 | D:5      | Gained mutation: You have a pair of horns on your head.
                  | [demonic ancestry]
  5018 | D:5      | Reached XP level 8. HP: 39/58 MP: 8/8
  5206 | D:5      | Reached skill level 9 in Polearms
  5805 | D:6      | Reached skill level 10 in Polearms
  5920 | D:6      | Found a sparkling altar of Nemelex Xobeh.
  6037 | D:6      | Found an iron altar of Okawaru.
  6037 | D:6      | Found a deep blue altar of Sif Muna.
  6040 | D:6      | Reached ** piety under Makhleb
  6634 | D:6      | Found a sparkling altar of Nemelex Xobeh.
  6636 | D:6      | Found a faded altar of an unknown god.
  6637 | D:6      | Found a radiant altar of Vehumet.
  6672 | D:7      | Noticed a two-headed ogre
  6691 | D:6      | Killed a two-headed ogre
  6691 | D:6      | Reached skill level 11 in Polearms
  6691 | D:6      | Reached XP level 9. HP: 28/63 MP: 3/9
  7055 | D:7      | Reached skill level 12 in Polearms
  7358 | D:7      | Reached skill level 5 in Fighting
  7710 | D:8      | Reached *** piety under Makhleb
  7777 | D:8      | Gained mutation: You are mostly covered in slimy green
                  | scales. (AC +3) [demonic ancestry]
  7777 | D:8      | Reached XP level 10. HP: 64/74 MP: 7/10
  7868 | D:8      | Reached skill level 5 in Armour
  7934 | D:8      | Found a runed gate.
  7934 | D:8      | Found a runed gate.
  7934 | D:8      | Found a runed gate.
  7934 | D:8      | Noticed phyphor's ghost (novice TrFi)
  7935 | D:8      | Found a viscous altar of Jiyva.
  7958 | D:8      | Reached skill level 1 in Dodging
  8296 | D:9      | Reached **** piety under Makhleb
  8353 | D:9      | Found an ancient bone altar of Kikubaaqudgha.
  8353 | D:9      | Found a bloodstained altar of Trog.
  8573 | D:9      | Noticed a two-headed ogre
  8586 | D:9      | Killed a two-headed ogre
  8650 | D:9      | Learned a level 2 spell: Blink
  8653 | D:9      | Learned a level 2 spell: Slow
  8665 | D:9      | Found a staircase to the Orcish Mines.
  8694 | D:9      | Reached skill level 5 in Dodging
  8736 | D:9      | Reached skill level 1 in Invocations
  8801 | D:9      | Noticed a two-headed ogre
  8815 | D:9      | Killed a two-headed ogre
  8884 | D:9      | Identified the Incunabulum of Earthen Enchantment
  9155 | D:10     | Entered Level 10 of the Dungeon
  9155 | D:10     | Noticed Harold
  9163 | D:10     | Killed Harold
  9181 | D:10     | Noticed a gargoyle
  9187 | D:10     | Killed a gargoyle
  9196 | D:10     | Reached XP level 11. HP: 79/79 MP: 12/15
  9206 | D:10     | Noticed a death yak
  9230 | D:10     | Reached ***** piety under Makhleb
  9244 | D:10     | Killed a death yak
  9244 | D:10     | Reached skill level 5 in Evocations
  9258 | D:10     | Noticed a death yak
  9259 | D:10     | Noticed a death yak
  9290 | D:10     | Killed a death yak
  9301 | D:10     | Killed a death yak
  9337 | D:10     | Found a staircase to the Lair.
  9402 | D:10     | Noticed Sonja
  9415 | D:10     | Paralysed by Sonja for 2 turns
  9445 | D:10     | Noticed a deep elf mage
  9469 | D:10     | Killed a deep elf mage
  9768 | D:10     | Reached skill level 5 in Spellcasting
  9845 | D:10     | Killed Sonja
  9845 | D:10     | Reached skill level 1 in Translocations
  9986 | Lair:1   | Entered Level 1 of the Lair of Beasts
 10037 | Lair:1   | Noticed Joseph
 10062 | Lair:1   | Killed Joseph
 10874 | Lair:2   | Found a dark tunnel.
 10883 | Volcano  | Entered a volcano
 10896 | Volcano  | Reached skill level 5 in Translocations
 10946 | Volcano  | Reached skill level 1 in Hexes
 10968 | Volcano  | Noticed a red ugly thing
 10977 | Volcano  | Killed a red ugly thing
 11287 | Lair:2   | Noticed a seven-headed hydra
 11312 | Lair:2   | Killed a seven-headed hydra
 11312 | Lair:2   | Reached skill level 5 in Hexes
 11312 | Lair:2   | Gained mutation: You have a pair of large horns on your
                  | head. [demonic ancestry]
 11312 | Lair:2   | Reached XP level 12. HP: 70/86 MP: 11/19
 11313 | Lair:2   | Upgraded the game from 0.23-a0-449-g8e4cbf7 to
                  | 0.23-a0-451-g1044d4c
 11316 | Lair:2   | Learned a level 2 spell: Ensorcelled Hibernation
 11426 | Lair:2   | Reached skill level 1 in Ice Magic
 11862 | Lair:3   | Noticed Urug
 11886 | Lair:3   | Killed Urug
 11978 | Lair:3   | Found a staircase to the Snake Pit.
 12269 | Lair:3   | Noticed a four-headed hydra
 12283 | Lair:3   | Killed a four-headed hydra
 12341 | Lair:3   | Reached skill level 5 in Ice Magic
 12669 | Lair:4   | Noticed Snorg
 12682 | Lair:4   | Killed Snorg
 12889 | Lair:4   | Found a staircase to the Shoals.
 13102 | Lair:4   | Reached ****** piety under Makhleb
 13455 | Lair:4   | Reached skill level 10 in Fighting
 13656 | Lair:5   | Found a frozen archway.
 13667 | Lair:5   | Reached XP level 13. HP: 66/103 MP: 11/20
 13692 | IceCv    | Entered an ice cave
 14422 | IceCv    | Noticed a frost giant
 14484 | IceCv    | Killed a frost giant
 14578 | IceCv    | Got a jewelled halberd
 14807 | Lair:5   | Identified the +7 halberd of Dishonesty {venom, rC+} (You
                  | found it in an ice cave)
 15134 | Lair:5   | Reached skill level 10 in Armour
 15368 | Lair:5   | Found a runed door.
 15370 | Lair:5   | Noticed Goofits's ghost (journeyman HaGl)
 15491 | Lair:5   | Found a staircase to the Slime Pits.
 15629 | Lair:6   | Entered Level 6 of the Lair of Beasts
 15677 | Lair:6   | Identified a scroll of acquirement
 15730 | Lair:6   | Got a pair of transparent boots
 15752 | Lair:6   | Identified the +1 pair of boots "Vemucli" {MR+ Int+4} (You
                  | acquired it on level 6 of the Lair of Beasts)
 15793 | Lair:6   | Found a runed door.
 15794 | Lair:6   | Found a shimmering altar of Xom.
 15794 | Lair:6   | Noticed derval's ghost (journeyman DDEE)
 15918 | Lair:6   | Reached XP level 14. HP: 110/110 MP: 21/21
 16221 | Lair:6   | Paralysed by a hornet for 1 turns
 17164 | D:3      | Killed Tenar's ghost
 17343 | D:8      | Killed phyphor's ghost
 17443 | Orc:1    | Entered Level 1 of the Orcish Mines
 17553 | Orc:1    | Reached skill level 10 in Dodging
 17819 | Orc:2    | Entered Level 2 of the Orcish Mines
 17819 | Orc:2    | Found Natyb's Magic Scroll Shoppe.
 18007 | Orc:2    | Reached skill level 10 in Invocations
 18021 | Orc:2    | Noticed Maurice
 18042 | Orc:2    | Killed Maurice
 18109 | Orc:2    | Found Hisyff's Armour Shop.
 18112 | Orc:2    | Bought a scroll of identify for 28 gold pieces
 18112 | Orc:2    | Bought a scroll of identify for 28 gold pieces
 18112 | Orc:2    | Bought a scroll of identify for 28 gold pieces
 18112 | Orc:2    | Bought a scroll of identify for 28 gold pieces
 18112 | Orc:2    | Bought a scroll of identify for 28 gold pieces
 18141 | Orc:2    | Found Tarph's Assorted Antiques.
 18142 | Orc:2    | Found Ruefeoteapp's Assorted Antiques.
 18161 | Orc:2    | Bought +1 ice dragon scales for 1206 gold pieces
 18177 | Orc:2    | Bought a potion of agility for 116 gold pieces
 18177 | Orc:2    | Bought an embroidered cloak for 217 gold pieces
 18177 | Orc:2    | Bought a potion of agility for 116 gold pieces
 18188 | Orc:2    | Found a staircase to the Elven Halls.
 18300 | Orc:2    | Noticed Erolcha
 18321 | Orc:2    | Killed Erolcha
 18662 | Orc:1    | Upgraded the game from 0.23-a0-451-g1044d4c to
                  | 0.23-a0-455-ge12115f
 19131 | Shoals:1 | Entered Level 1 of the Shoals
 19565 | Shoals:1 | Gained mutation: You regenerate health from kills. [demonic
                  | ancestry]
 19565 | Shoals:1 | Reached XP level 15. HP: 98/115 MP: 15/22
 19931 | Shoals:1 | Found Pienonn's Food Shoppe.
 20014 | Shoals:1 | Reached skill level 10 in Evocations
 20220 | Snake:1  | Entered Level 1 of the Snake Pit
 20221 | Snake:1  | Upgraded the game from 0.23-a0-455-ge12115f to
                  | 0.23-a0-458-g93a6ea9
 21215 | D:11     | Learned a level 4 spell: Cause Fear
 21426 | D:11     | Noticed Fannar
 21455 | D:11     | Killed Fannar
 21521 | D:11     | Found a blossoming altar of Fedhas.
 21569 | D:11     | Noticed Erica
 21583 | D:11     | Killed Erica
 22167 | D:12     | Reached skill level 10 in Spellcasting
 23358 | D:14     | Reached XP level 16. HP: 106/122 MP: 25/30
 23421 | D:14     | Learned a level 5 spell: Metabolic Englaciation
 23425 | D:14     | Learned a level 3 spell: Conjure Flame
 23430 | D:14     | Learned a level 3 spell: Mephitic Cloud
 23504 | D:14     | Reached skill level 1 in Conjurations
 23816 | D:14     | Found a gate to the Vaults.
 23984 | D:15     | Entered Level 15 of the Dungeon
 24308 | D:15     | Found a staircase to the Depths.
 24399 | D:15     | Slain by a large slime creature

Vault maps used:
D:1:      ncdulo_smallfort
D:2:      minmay_chambers_of_ones, uniq_robin
D:3:      old_standard_altar, nicolae_overflow_hidden_temple,
          gammafunk_ghost_arena, portal_sewer_entry_d
D:4:      kennysheep_mini_moat, minmay_temple_entry_gardened_gates,
          first_ration, uniq_crazy_yiuf_cottage
D:5:      nicolae_overflow_crystal_walls, serial_shops, nicolae_shop_waterfront
D:6:      minmay_inner_zag, chequers_temple_overflow_minitemple,
          nemelex_diamond_rough_becter
D:8:      gammafunk_ghost_ooze
D:9:      amethyst_overflow_temple_binary, david_orc_1_choice
D:10:     dpeg_lair_monsters, hangedman_stone_soup, uniq_harold, uniq_sonja
D:11:     stair_cage_open, minivault_24, lemuel_oklob_altar, uniq_erica,
          uniq_fannar
D:12:     minmay_cornered_nines, minmay_misc_feat_rows
D:13:     minivault_28
D:14:     erik_vaults_2
D:15:     gammafunk_enter_depths_forms, basic_altar
Temple:   nicolae_temple_hex_pool
Lair:1:   uniq_joseph
Lair:2:   nicolae_volcano_entry_batcave
Lair:3:   dummy_snake_entry, beast_lair_carwin_7, grunt_megastairs_3, uniq_urug
Lair:4:   minmay_shoals_entry_hut, minmay_stone_trees_large, uniq_snorg
Lair:5:   regret_index_wax_grids, dpeg_slime_entry_corner,
          portal_ice_cave_entry_pillars_2, ebering_ghost_inner_flame,
          minivault_25
Lair:6:   gammafunk_lair_ancient_temple, ebering_ghost_xom,
          infiniplex_staircase_pool
Shoals:1: serial_shops, shop, nicolae_shoals_square_sea_wall
Orc:1:    roderic_batcave
Orc:2:    st_orc_open, uniq_erolcha, uniq_maurice
Sewer:    kennysheep_pipe_town
IceCv:    ice_cave_small_giant
Volcano:  volcano_caves

Skill      XL: |  1  2  3  4  5  6  7  8  9 10 11 12 13 14 15 16 |
---------------+-------------------------------------------------+-----
Polearms       | 2 3 4 6 7 8 11 12 | 12.0
Fighting       | 5 10 | 10.0
Armour         | 4 5 10 | 10.0
Dodging        | 5 7 10 | 10.0
Invocations    | 6 10 | 10.1
Evocations     | 4 5 9 10 | 10.0
Spellcasting   | 5 10 | 10.0
Translocations | 5 |  5.0
Hexes          | 5 7 9 |  9.4
Ice Magic      | 5 |  5.0
Conjurations   | 4 |  4.7
Shields        | |  2.6

Action                   |  1- 3 |  4- 6 |  7- 9 | 10-12 | 13-15 | 16-18 || total
-------------------------+-------+-------+-------+-------+-------+-------++-------
Melee: Trident           |    83 |   158 |       |       |       |       ||   241
       Spear             |       |   297 |   540 |   867 |  2321 |   470 ||  4495
       Headbutt          |       |       |    82 |   194 |   571 |   141 ||   988
 Cast: Ensorcelled Hiber |       |       |       |       |     3 |       ||     3
       Slow              |       |       |       |       |     1 |       ||     1
Invok: Minor Destruction |       |       |       |       |     1 |       ||     1
Evoke: Wand              |       |       |       |     1 |     2 |       ||     3
  Use: Scroll            |     2 |     8 |    12 |    18 |    15 |       ||    55
       Potion            |       |       |       |     6 |    10 |       ||    16
  Eat: Chunk             |     1 |     9 |     9 |    16 |    23 |     3 ||    61
       Ration            |       |       |     1 |     1 |     3 |       ||     5
Armor: Scale mail        |    10 |       |       |       |       |       ||    10
       Chain mail        |    25 |   295 |   209 |   259 |   483 |       ||  1271
       Ice dragon scales |       |       |       |       |   306 |   178 ||   484
Dodge: Dodged            |    29 |   159 |   105 |   329 |  1809 |   324 ||  2755

Table legend:
 A = Non-vault XP
 B = Vault XP
 C = Vault XP percentage of total XP
 D = Non-vault monster count
 E = Vault monster count
 F = Vault count percentage of total count
                 A         B        C        D         E       F
            +---------+---------+-------+---------+---------+-------
      Total |   95205 |   80122 |  45.7 |     594 |     301 |  33.6
            +---------+---------+-------+---------+---------+-------
        D:1 |      55 |       0 |   0.0 |      24 |       0 |   0.0
        D:2 |     109 |      82 |  42.9 |      32 |      17 |  34.7
        D:3 |     167 |      78 |  31.8 |      35 |       5 |  12.5
        D:4 |     216 |      40 |  15.6 |      18 |       1 |   5.3
        D:5 |    1015 |       0 |   0.0 |      24 |       0 |   0.0
        D:6 |    1656 |     268 |  13.9 |      30 |       3 |   9.1
        D:7 |    1291 |       0 |   0.0 |      27 |       0 |   0.0
        D:8 |    1386 |    1341 |  49.2 |      33 |       8 |  19.5
        D:9 |    2287 |     644 |  22.0 |      25 |       9 |  26.5
       D:10 |    2605 |    4980 |  65.7 |      23 |      16 |  41.0
       D:11 |    1493 |    2547 |  63.0 |      13 |       3 |  18.8
       D:12 |    8852 |     651 |   6.9 |      30 |       3 |   9.1
       D:13 |    2154 |    6502 |  75.1 |      12 |      12 |  50.0
       D:14 |    8319 |    7834 |  48.5 |      29 |       8 |  21.6
       D:15 |    1811 |    4793 |  72.6 |       9 |      10 |  52.6
     Lair:1 |     724 |     439 |  37.7 |       3 |       1 |  25.0
     Lair:2 |    3950 |     600 |  13.2 |      14 |       3 |  17.6
     Lair:3 |    6300 |    2909 |  31.6 |      27 |      14 |  34.1
     Lair:4 |    4050 |    1411 |  25.8 |      20 |       2 |   9.1
     Lair:5 |    2693 |    8968 |  76.9 |       9 |      51 |  85.0
     Lair:6 |    6811 |    8218 |  54.7 |      23 |      24 |  51.1
   Shoals:1 |   11768 |       0 |   0.0 |      27 |       0 |   0.0
    Snake:1 |   20867 |       0 |   0.0 |      44 |       0 |   0.0
      Orc:1 |    3545 |    7614 |  68.2 |      40 |      24 |  37.5
      Orc:2 |    1081 |    9645 |  89.9 |      23 |      23 |  50.0
      Sewer |       0 |     141 | 100.0 |       0 |      24 | 100.0
      IceCv |       0 |    9403 | 100.0 |       0 |      36 | 100.0
    Volcano |       0 |    1014 | 100.0 |       0 |       4 | 100.0
            +---------+---------+-------+---------+---------+-------
